 Dungeon Crawl Stone Soup version 0.20.1-1-g8b1a95d (webtiles) character file.

463 JustSomeDude the Sneak (level 6, -7/46 HPs)
             Began as a Demonspawn Assassin on Aug 26, 2017.
             Mangled by an orc warrior
             ... wielding a +3 flail
              (14 damage)
             ... on level 8 of the Dungeon.
             The game lasted 00:21:30 (2479 turns).

JustSomeDude the Sneak (Demonspawn Assassin)        Turns: 2479, Time: 00:21:31

Health: -7/46      AC:  4    Str: 20    XL:     6   Next: 79%
Magic:  13/15      EV: 13    Int: 12    God:
Gold:   128        SH:  0    Dex: 20    Spells: 2/5 levels left

rFire    . . .     SeeInvis .   o - +2 dagger (chaos)
rCold    . . .     Gourm    .   (no shield)
rNeg     . . .     Faith    .   c - +0 robe
rPois    .         Spirit   .   (helmet restricted)
rElec    .         Reflect  .   d - +1 cloak
rCorr    .         Harm     .   (no gloves)
MR       .....                  (no boots)
Stlth    ++++++....             (no amulet)
Regen    0.2/turn               s - ring of magical power
MPRegen  0.2/turn               r - ring "Ryschuore" {*Contam Str+8 Slay+5 Stlth+}

@: swift, flying, very quick
A: antennae 1, thin skeletal structure 2
a: no special abilities


You were on level 8 of the Dungeon.
You were not hungry.

You visited 1 branch of the dungeon, and saw 6 of its levels.

You collected 128 gold pieces.

Inventory:

Hand Weapons
 a - a cursed -2 shortbow
 b - a +0 blowgun
 o - a +2 dagger of chaos (weapon)
Missiles
 e - 7 poisoned needles
 f - 2 curare-tipped needles
 k - 18 arrows
 u - 5 javelins (quivered)
Armour
 c - a +0 robe (worn)
 d - a +1 cloak (worn)
 h - a +0 ring mail
Jewellery
 r - the ring "Ryschuore" (right hand) {*Contam Str+8 Slay+5 Stlth+}
   (You found it on level 8 of the Dungeon)

   [ring of stealth]

   It affects your strength (+8).
   It affects your accuracy and damage with ranged weapons and melee attacks
   (+5).
   It causes magical contamination when unequipped.
   It makes you more stealthy.
 s - a ring of magical power (left hand)
Scrolls
 i - a scroll of enchant weapon
 j - 2 scrolls of remove curse
 p - a scroll of enchant armour
 B - a scroll of identify
Books
 m - a book of Air

   Spells                             Type                      Level
   a - Shock                          Conjuration/Air              1
   b - Swiftness                      Charms/Air                   2
   c - Static Discharge               Conjuration/Air              3
   d - Airstrike                      Air                          4
   e - Lightning Bolt                 Conjuration/Air              5
 t - a book of Maledictions

   Spells                             Type                      Level
   a - Corona                         Hexes                        1
   b - Ensorcelled Hibernation        Hexes/Ice                    2
   c - Confuse                        Hexes                        3
   d - Tukima's Dance                 Hexes                        3
   e - Dazzling Spray                 Conjuration/Hexes            3
 y - a book of Changes

   Spells                             Type                      Level
   a - Beastly Appendage              Transmutation                1
   b - Sticks to Snakes               Transmutation                2
   c - Spider Form                    Transmutation/Poison         3
   d - Ice Form                       Ice/Transmutation            4
   e - Blade Hands                    Transmutation                5
Comestibles
 g - a bread ration
 l - a meat ration
 n - 2 chunks of flesh


   Skills:
 + Level 2.9 Fighting
 + Level 3.4 Short Blades
 + Level 1.8 Throwing
 + Level 2.1 Dodging
 + Level 6.4 Stealth


You had 2 spell levels left.
You knew the following spells:

 Your Spells              Type           Power        Failure   Level  Hunger
a - Beastly Appendage     Tmut           #.....       32%         1    ##.....
b - Swiftness             Chrm/Air       #.......     45%         2    ###....


Dungeon Overview and Level Annotations

Branches:
Dungeon (8/15)
 Temple: D:4-7         Lair: D:8-11

Altars:
Xom

Shops:
D:7 %


Innate Abilities, Weirdness & Mutations

You have a pair of small antennae on your head.
You have a moderately thin skeletal structure. (Dex +4, Stealth+)


Message History

You hit the gnoll.
The gnoll is poisoned.
The gnoll is moderately wounded.
The gnoll closely misses you.
You barely miss the gnoll.
The gnoll is moderately wounded.
The gnoll hits you with a flail!
You puncture the gnoll! You freeze the gnoll.
You kill the gnoll!
You feel very buoyant.
You fly up into the air.
The orc warrior throws a steel tomahawk.
The steel tomahawk hits you!
* * * LOW HITPOINT WARNING * * *
Casting: Swiftness
Confirm with . or Enter, or press ? or * to list all spells.
You feel quick.
The orc warrior throws a steel tomahawk.
The steel tomahawk closely misses you.
The orc warrior hits you with an enchanted flail!
You die...

## #...# ####..........
.#####...####............#
......#....##....!......#
####.....#.#..# ##.....#
######.......####..#####
.<#...........#...##
#.#.###.........###
.........#.#...##########
.......#...#o.oo@(....(.#
.......#......#####........
...........#### ##....<..
...........# .......
.....$....g## #......
.......#....# .....5
##########..### ......
#.>..## ..>... # #.....#


You could see an orc warrior and 2 orcs.

Vanquished Creatures
  2 centaurs (D:7)
  A gnoll sergeant (D:8)
  A killer bee (D:7)
  A jelly (D:8)
  A worker ant (D:8)
  3 gnolls (D:8)
  4 adders (D:2)
  2 oozes
  A worm (D:2)
  2 dart slugs
  2 leopard geckos
  6 orcs
  3 ball pythons
  A bat (D:2)
  4 giant cockroaches
  6 goblins
  7 hobgoblins
  9 kobolds
  A quokka (D:3)
  4 frilled lizards
  6 rats
67 creatures vanquished.

Notes
Turn   | Place    | Note
-------+----------+-------------------------------------------
     0 | D:1      | JustSomeDude the Demonspawn Assassin began the quest for the Orb.
     0 | D:1      | Reached XP level 1. HP: 16/16 MP: 1/1
   116 | D:1      | Reached skill level 4 in Stealth
   134 | D:1      | Gained mutation: You have a somewhat thin skeletal structure. (Dex +2, Stealth) [demonic ancestry]
   134 | D:1      | Reached XP level 2. HP: 14/22 MP: 2/2
   151 | D:1      | Reached skill level 1 in Dodging
   585 | D:1      | Gained mutation: You have a pair of small antennae on your head. [demonic ancestry]
   585 | D:1      | Reached XP level 3. HP: 16/27 MP: 3/3
  1116 | D:2      | Gained mutation: You have a moderately thin skeletal structure. (Dex +4, Stealth+) [demonic ancestry]
  1116 | D:2      | Reached XP level 4. HP: 16/34 MP: 4/4
  1240 | D:2      | Reached skill level 5 in Stealth
  1436 | D:4      | Found a shimmering altar of Xom.
  1489 | D:4      | You fall through a shaft for 3 floors!
  1491 | D:7      | Noticed a bullfrog
  1534 | D:7      | Noticed a centaur
  1748 | D:7      | Noticed an ice beast
  1887 | D:7      | Found Ynuffug's Food Boutique.
  1941 | D:7      | Noticed a hippogriff
  1946 | D:7      | Reached XP level 5. HP: 38/39 MP: 5/5
  1950 | D:7      | Learned a level 1 spell: Beastly Appendage
  1984 | D:7      | Killed a centaur
  1985 | D:7      | Killed a centaur
  1985 | D:7      | Reached XP level 6. HP: 5/46 MP: 6/6
  2277 | D:8      | Reached skill level 6 in Stealth
  2282 | D:8      | Got a heavily runed golden ring
  2283 | D:8      | Identified the ring "Ryschuore" {*Contam Str+8 Slay+5 Stlth+} (You found it on level 8 of the Dungeon)
  2352 | D:8      | Learned a level 2 spell: Swiftness
  2390 | D:8      | Noticed a water moccasin
  2451 | D:8      | Noticed an orc warrior
  2479 | D:8      | Mangled by an orc warrior

Skill      XL: |  1  2  3  4  5  6 |
---------------+-------------------+-----
Stealth        | 4 5 6 |  6.4
Dodging        | 1 2 |  2.1
Short Blades   | 2 3 |  3.4
Fighting       | |  2.9
Throwing       | |  1.8

Action                   |  1- 3 |  4- 6 || total
-------------------------+-------+-------++-------
Melee: Dagger            |   132 |    71 ||   203
 Fire: Blowgun           |     3 |       ||     3
Throw: Javelin           |       |     1 ||     1
 Cast: Swiftness         |       |     2 ||     2
  Use: Potion            |       |    12 ||    12
       Scroll            |       |     9 ||     9
 Stab: Sleeping          |    11 |     9 ||    20
       Invisible         |       |     1 ||     1
  Eat: Chunk             |     1 |     2 ||     3
       Royal jelly       |       |     1 ||     1
Armor: Robe              |    19 |    15 ||    34
Dodge: Dodged            |    64 |    55 ||   119
